 Dungeon Crawl Stone Soup version 0.18.1-8-gdd0e5ea (webtiles) character file.

95 Scarto the Skirmisher (level 4, -15/37 HPs)
             Began as a Demonspawn Fighter on May 23, 2016.
             Demolished by an ogre
             ... wielding a +0 giant club
              (20 damage)
             ... on level 3 of the Dungeon.
             The game lasted 00:04:12 (2325 turns).

Scarto the Skirmisher (Demonspawn Fighter)          Turns: 2325, Time: 00:04:13

Health: -15/37     AC: 12    Str: 18    XL:     4   Next: 40%
Magic:  4/4        EV:  4    Int:  9    God:
Gold:   99         SH:  9    Dex: 12    Spells: 0 memorised, 3 levels left

rFire  . . .     SeeInvis .     a - +0 war axe
rCold  . . .     Gourm    .     s - +0 chain mail
rNeg   . . .     Faith    .     c - +0 shield
rPois  .         Spirit   .     (no helmet)
rElec  .         Dismiss  .     r - +2 cloak
rCorr  .         Reflect  .     (no gloves)
SustAt .         Harm     .     (no boots)
MR     .....                    k - amulet of rage
Stlth  ..........               (no ring)
                                (no ring)

@: not resistant to hostile enchantments, extremely unstealthy
A: hooves 2, demonic guardian 1
a: Evoke Berserk Rage


You were on level 3 of the Dungeon.
You were full.

You visited 1 branch of the dungeon, and saw 3 of its levels.

You collected 99 gold pieces.

Inventory:

Hand Weapons
 a - a +0 war axe (weapon)
Armour
 c - a +0 shield (worn)
 r - a +2 cloak (worn)
 s - a +0 chain mail (worn)
Jewellery
 k - an amulet of rage (around neck)
Scrolls
 b - 2 scrolls of identify {unknown}
 j - a scroll of remove curse
 p - 2 scrolls of magic mapping
 q - a scroll of fear
Potions
 d - a potion of might
 e - 2 potions of mutation {unknown}
 f - a potion of agility {unknown}
 g - a potion of degeneration {unknown}
 l - 3 potions of curing {unknown}
 n - a potion of berserk rage {unknown}
 o - 2 potions of brilliance {unknown}
Comestibles
 h - a bread ration
 i - 3 meat rations
 m - 2 beef jerkies


   Skills:
 + Level 3.8 Fighting
 + Level 2.5 Axes
 + Level 3.2 Armour
 + Level 3.3 Shields


You had 3 spell levels left.
You didn't know any spells.

Dungeon Overview and Level Annotations

Branches:
Dungeon (3/15)

Altars:


Innate Abilities, Weirdness & Mutations

You have hoof-like feet.
A weak demonic guardian rushes to your aid.


Message History

You are too injured to fight recklessly!
You are too injured to fight recklessly!
You are too injured to fight recklessly!
You are too injured to fight recklessly!
You are too injured to fight recklessly!
You are too injured to fight recklessly!
You are too injured to fight recklessly!
You are too injured to fight recklessly!
You are too injured to fight recklessly!
You are too injured to fight recklessly!
You are too injured to fight recklessly!
You are too injured to fight recklessly!
Drink which item? (? for menu, Esc to quit)
Okay, then.
Your shield and chain mail prevent you from hitting the ogre.
Your kick misses the ogre.
The ogre is severely wounded.
The ogre hits you with a giant club!!
Ouch! That really hurt!
You die...

#.#.# #.....# #.# #.##
#.#.# #.....# #.# #..#
##.#.# #.....# #.# ##.#
...#.# ###.### #.# #.#
.###.# #.# ###.# #.# .#
#.# #.##########...##
#.# .###.#
#...........###.#####.#
.....# ##########.##
##......# .#####
#.......O@5..# #.######
.# #.##########.## ##.#
.# #.# ##.###.## .# #.#
##...## .# #.# ##### .#
#.# .# ###.###### ##
#........# # #.#.####<#


You could see an ogre and a friendly iron imp.

Vanquished Creatures
  4 adders
  2 oozes
  3 dart slugs
  A giant gecko (D:2)
  A ball python (D:2)
  A giant cockroach (D:3)
  6 goblins
  10 hobgoblins
  3 bats
  6 giant newts
  5 kobolds
  3 rats
45 creatures vanquished.

Notes
Turn   | Place    | Note
--------------------------------------------------------------
     0 | D:1      | Scarto the Demonspawn Fighter began the quest for the Orb.
     0 | D:1      | Reached XP level 1. HP: 18/18 MP: 1/1
   229 | D:1      | Gained mutation: A weak demonic guardian rushes to your aid. [demonic ancestry]
   229 | D:1      | Reached XP level 2. HP: 19/24 MP: 2/2
   464 | D:1      | Gained mutation: You have large cloven feet. [demonic ancestry]
   464 | D:1      | Reached XP level 3. HP: 29/29 MP: 3/3
  1315 | D:2      | Gained mutation: You have hoof-like feet. [demonic ancestry]
  1315 | D:2      | Reached XP level 4. HP: 29/37 MP: 4/4
  2316 | D:3      | Noticed an ogre
  2325 | D:3      | Demolished by an ogre

Skill      XL: |  1  2 |
---------------+-------+-----
Axes           | 2 |  2.5
Armour         | 3 |  3.2
Shields        | 3 |  3.3
Fighting       | |  3.8

Action                   |  1- 3 |  4- 6 || total
-------------------------+-------+-------++-------
Melee: War axe           |   117 |    61 ||   178
       Kick              |    16 |     9 ||    25
  Use: Scroll            |       |     7 ||     7
  Eat: Bread ration      |     2 |       ||     2
Armor: Scale mail        |    53 |       ||    53
       Chain mail        |       |    34 ||    34
Dodge: Dodged            |    28 |     7 ||    35
Block: Shield            |    67 |    29 ||    96
